 Dungeon Crawl Stone Soup version 0.32-a0-931-g5a2cda0630 (webtiles) character file.

Game seed: 10304840361491353642

275 croobank the Sneak (level 6, 0/36 HPs)
             Began as an Octopode Summoner on Apr 13, 2024.
             Shot with an arrow by a centaur (9 damage)
             ... on level 4 of the Dungeon.
             The game lasted 00:24:27 (3588 turns).

croobank the Sneak (Octopode Summoner)              Turns: 3588, Time: 00:24:27

Health: 0/36       AC:  1    Str:  7    XL:     6   Next: 25%
Magic:  11/11      EV: 13    Int: 20    God:
Gold:   175        SH:  0    Dex: 12    Spells: 1/11 levels left

rFire   . . .        o - +0 dagger (venom)
rCold   . . .        (no shield)
rNeg    . . .        (helmet restricted)
rPois   .            (no amulet)
rElec   .            (no ring)
rCorr   .            (no ring)
SInv    .            (no ring)
Will    .....        (no ring)
Stlth   ++           (no ring)
HPRegen 0.26/turn    (no ring)
MPRegen 0.12/turn    (no ring)
                     (no ring)

%: no passive effects
@: confused, ambrosia-drunk
A: almost no armour, amphibious, 8 rings, camouflage 1, gelatinous body 1,
(nimble swimmer 1), tentacles
a: no special abilities


You were on level 4 of the Dungeon.
You visited 1 branch of the dungeon, and saw 4 of its levels.

You collected 175 gold pieces.

Inventory:

Hand Weapons
 k - a +1 whip of electrocution
 o - a +0 dagger of venom (weapon)
 p - a +0 sling
 r - a +0 scimitar
Missiles
 b - 6 poisoned darts (quivered)
 d - 3 javelins
Scrolls
 c - a scroll of blinking {unknown}
 j - a scroll of poison {unknown}
 m - 2 scrolls of identify {unknown}
 n - 2 scrolls of teleportation
 q - a scroll of acquirement {unknown}
 s - a scroll of enchant armour {unknown}
 t - a scroll of revelation {unknown}
Potions
 a - a potion of magic
 f - a potion of attraction {unknown}
 g - 3 potions of haste {unknown}
 h - a potion of lignification {unknown}
 i - 3 potions of curing {unknown}
 l - a potion of invisibility {unknown}


   Skills:
 + Level 0.0 Fighting
 + Level 3.5 Dodging
 + Level 5.1 Stealth
 + Level 3.3 Spellcasting
 + Level 5.0 Summonings
 * Level 0.0 Fire Magic


You had one spell level left.
You knew the following spells:

 Your Spells              Type           Power      Damage    Failure   Level
a - Summon Small Mammal   Summ           92%        N/A       1%          1
b - Call Imp              Summ           46%        N/A       2%          2
c - Call Canine Familiar  Summ           23%        N/A       5%          3
d - Summon Blazeheart Go  Fire/Summ      13%        N/A       43%         4

Your spell library contained the following spells:

 Spells                   Type           Power      Damage    Failure   Level
 Freeze                   Ice            12%        1d3       14%         1
 Frozen Ramparts          Ice            6%         1d1       38%         3
 Hailstorm                Conj/Ice       3%         3d5       38%         3
 Summon Lightning Spire   Summ/Air       13%        N/A       43%         4


Dungeon Overview and Level Annotations

Branches:
Dungeon (4/15)
 Temple: D:4-7

Altars:


Innate Abilities, Weirdness & Mutations

You cannot wear most types of armour.
You are amphibious.
You can wear up to eight rings at the same time.
Your skin changes colour to match your surroundings (Stealth+).
Your rubbery body absorbs attacks. (AC +1, EV +1)
((You are camouflaged when in or above water. (Stealth+)))
You have tentacles for arms and can constrict up to eight enemies at once.


Message History

Welcome back, croobank the Octopode Summoner.
Press ? for a list of commands and other information.
There is a stone staircase leading down here.
There is a stone staircase leading down here.
A hound comes into view.
The helpless hound fails to defend itself.
You puncture the hound!
The hound is poisoned.
Your grab misses the hound.
The hound is almost dead.
The hound bites you. The hound misses you.
You closely miss the hound. Your grab misses the hound.
The hound is almost dead.
The hound bites you.
You closely miss the hound. You grab the hound.
The hound is almost dead.
You constrict the hound.
You kill the hound!
Your Summonings skill increases to level 5!
Magic restored.
HP restored.
Found an escape hatch in the floor.
You now have 175 gold pieces (gained 18).
t - a scroll labelled YCULAO ISSIC A centaur comes into view.
The centaur shouts!
The centaur wields a +0 orcbow.
The centaur shoots an arrow.
The arrow hits you!
The centaur shoots an arrow.
The arrow closely misses you.
The centaur shoots an arrow.
The arrow hits you!
Okay, then.
Throw: 7 darts (poison)
Press: ? - help, Q - select action, (/) - cycle Shift-Dir - straight line, f - centaur
Aim: a centaur, wielding a +0 orcbow (65% to hit)
You throw a poisoned dart. The poisoned dart hits the centaur.
The centaur shoots an arrow.
The arrow hits you!
* * * LOW HITPOINT WARNING * * *
It was a potion of ambrosia.
You are confused.
You feel invigorated.
The centaur shoots an arrow.
The arrow misses you.
The centaur shoots an arrow.
The arrow hits you!
You die...

..# ##..##### .## #..# .
#..# # #######..###
#######..........#####.#
........######...$......
.......#..<......#####.#
.................#
........######..@#
........# #...#
........# #....
........# #...##
...>...## #c..#
........# #.#..
........# #....
........# #..##
........#


You could see a centaur.

Vanquished Creatures
  A hound (D:4)
  A gnoll (D:3)
  2 adders
  A dart slug (D:4)
  An orc (D:3)
  A ball python (D:3)
  A bat (D:1)
  A giant cockroach (D:2)
  2 goblins
  A hobgoblin (D:3)
  2 jackals (D:4)
  2 quokkas (D:1)
  2 kobolds (D:2)
  2 rats
20 creatures vanquished.

Vanquished Creatures (collateral kills)
  A black bear (D:4)
  Jessica (D:2)
  2 adders (D:4)
  3 ribbon worms
  3 dart slugs (D:1)
  4 orcs
  5 endoplasms
  2 giant cockroaches (D:1)
  A hobgoblin (D:1)
  2 jackals (D:4)
  3 kobolds
  A quokka (D:1)
  A ball python (D:1)
  3 bats (D:1)
  6 goblins
  2 rats (D:1)
40 creatures vanquished.

Grand Total: 60 creatures vanquished

Notes
Turn   | Place    | Note
-------+----------+-------------------------------------------
     0 | D:1      | croobank the Octopode Summoner began the quest for the Orb.
     0 | D:1      | Reached XP level 1. HP: 11/11 MP: 3/3
   149 | D:1      | Reached XP level 2. HP: 15/17 MP: 5/5
   152 | D:1      | Learned a level 2 spell: Call Imp
   553 | D:1      | Reached XP level 3. HP: 19/21 MP: 1/6
   608 | D:1      | Learned a level 3 spell: Call Canine Familiar
   986 | D:2      | Noticed Jessica
   994 | D:2      | Killed Jessica
   995 | D:2      | Reached XP level 4. HP: 27/27 MP: 0/7
  3141 | D:4      | Reached XP level 5. HP: 31/31 MP: 2/9
  3391 | D:4      | Noticed a black bear
  3404 | D:4      | Killed a black bear
  3405 | D:4      | Reached XP level 6. HP: 36/36 MP: 2/10
  3410 | D:4      | Learned a level 4 spell: Summon Blazeheart Golem
  3501 | D:4      | Reached skill level 5 in Stealth
  3532 | D:4      | Reached skill level 5 in Summonings
  3588 | D:4      | Shot with an arrow by a centaur

Illustrated notes

Levels and vault maps discovered:
D:1:      dpeg_arrival_boxes_within_box, layout_rooms
D:2:      layout_basic, kennysheep_generic_room_3, uniq_jessica
D:3:      minmay_door_path, layout_basic, columned_hall_lemuel
D:4:      layout_rooms, amcnicky_altar_gilded, gammafunk_ghost_mausoleum,
          uniq_blork_the_orc, uniq_eustachio

Skill      XL: |  1  2  3  4  5  6 |
---------------+-------------------+-----
Stealth        | 3 4 5 |  5.1
Dodging        | 3 |  3.5
Spellcasting   | 3 |  3.3
Summonings     | 5 |  5.0

Action                     |  1- 3 |  4- 6 || total
---------------------------+-------+-------++-------
  Melee: Unarmed           |     4 |       ||     4
         Dagger            |     9 |    23 ||    32
         Constrict         |     5 |     5 ||    10
         Tentacles         |     1 |     3 ||     4
         Whip              |       |     2 ||     2
  Throw: Dart              |       |     3 ||     3
   Cast: Summon Small Mamm |    22 |    26 ||    48
         Call Imp          |     9 |    13 ||    22
         Call Canine Famil |     1 |     8 ||     9
    Use: Scroll            |       |     1 ||     1
         Potion            |       |     1 ||     1
   Stab: Sleeping          |     2 |    11 ||    13
 Armour: Skin              |     7 |    16 ||    23
  Dodge: Dodged            |     6 |    29 ||    35

Table legend: (Time is in decaauts)
 A = Elapsed time spent in this place.
 B = Non-inter-level travel time spent in this place.
 C = Inter-level travel time spent in this place.
 D = Time resting spent in this place.
 E = Time spent auto-exploring this place.
 F = Levels seen in this place.
 G = Mean time per level.
                   A        B        C        D        E       F      G
               +--------+--------+--------+--------+--------+-----+--------+
         Total |   3584 |   3452 |    132 |    186 |   2634 |   4 |  896.0 |
       Dungeon |   3584 |   3452 |    132 |    186 |   2634 |   4 |  896.0 |
               +--------+--------+--------+--------+--------+-----+--------+

Top non-repeatable levels by time:
     D:3: 1104 daAuts
     D:2: 1037 daAuts
     D:1: 981 daAuts
     D:4: 460 daAuts
